Map: Ruínas de Endion

Players

DatBoiTesla (Rob)

  • Race: Protoss Protoss
  • League: Grandmaster

TheZergLord - Winner!

  • Race: Zerg Zerg
  • League: Master

VOD

Have the link to the VOD?

Description

Time

  • Played on: May 25, 2016, 11:36 a.m.
  • Length: 9:25
Show
View Real Time Build Order
Export as new Build Order

DatBoiTesla Protoss 

Build Orders: Forge Fast Expand (FFE), Dark Templar Rush 

Get SALT Encoding   

  12  0:01  Probe (Chrono Boost)  
  13  0:11  Probe (Chrono Boost)  
  14  0:19  Pylon  
  14  0:23  Probe (Chrono Boost)  
  15  0:38  Probe (Chrono Boost)  
  15  0:40  Forge  
  16  0:48  Probe (Chrono Boost)  
  17  0:59  Probe (Chrono Boost)  
  18  1:09  Probe (Chrono Boost)  
  19  1:20  Probe (Chrono Boost)  
  19  1:24  Nexus  
  20  1:30  Probe (Chrono Boost)  
  21  1:37  Gateway  
  21  1:41  Probe (Chrono Boost)  
  22  1:51  Probe (Chrono Boost)  
  22  1:53  Pylon  
  23  1:56  Assimilator  
  23  1:59  Assimilator  
  23  2:12  Probe (Chrono Boost)  
  24  2:17  Photon Cannon  
  24  2:22  Probe (Chrono Boost)  
  25  2:25  Cybernetics Core  
  25  2:27  Zealot (Chrono Boost)  
  27  2:33  Probe (Chrono Boost)  
  28  2:38  Probe (Chrono Boost)  
  30  2:44  Probe (Chrono Boost)  
  30  2:49  Probe (Chrono Boost)  
  31  2:55  Probe (Chrono Boost)  
  32  2:59  Probe (Chrono Boost)  
  32  3:02  Pylon  
  32  3:03  Warp Gate (Chrono Boost)  
  32  3:05  Probe (Chrono Boost)  
  34  3:09  Probe (Chrono Boost)  
  34  3:11  Adept (Chrono Boost)  
  37  3:16  Probe (Chrono Boost)  
  37  3:17  Twilight Council  
  38  3:21  Probe (Chrono Boost)  
  39  3:27  Mothership Core (Chrono Boost)  
  39  3:31  Probe (Chrono Boost)  
  42  3:40  Stalker  
  44  3:42  Probe  
  44  3:45  Probe  
  46  3:54  Probe  
  46  3:55  Probe  
  47  3:58  Dark Shrine  
  47  4:00  Assimilator  
  48  4:05  Assimilator  
  48  4:06  Probe  
  48  4:07  Probe  
  50  4:11  Robotics Facility  
  50  4:16  Pylon, Probe  
  50  4:19  Probe  
  50  4:21  Pylon  
  52  4:27  Probe  
  52  4:31  Probe  
  54  4:38  Nexus  
  54  4:40  Gateway  
  54  4:42  Gateway, Probe  
  54  4:44  Probe  
  56  4:59  Pylon, Probe, Warp Prism (Chrono Boost)  
  56  5:01  Probe  
  56  5:06  Protoss Ground Weapons Level 1 (Chrono Boost)  
  60  5:12  Probe  
  60  5:13  Probe  
  62  5:23  Probe  
  62  5:25  Gateway, Probe  
  62  5:26  Gateway  
  64  5:30  Dark Templar  
  64  5:33  Probe  
  67  5:37  Dark Templar x2, Probe  
  72  5:44  Probe  
  72  5:48  Probe  
  72  5:49  Probe  
  74  5:54  Probe  
  76  5:58  Robotics Bay  
  76  5:59  Probe  
  76  6:00  Pylon  
  76  6:01  Probe  
  76  6:03  Dark Templar  
  80  6:07  Nexus  
  80  6:09  Probe  
  80  6:10  Pylon  
  81  6:19  Probe  
  81  6:20  Probe  
  73  6:27  Robotics Facility  
  73  6:29  Robotics Bay  
  73  6:32  Probe  
  73  6:34  Probe  
  73  6:36  Stalker x3  
  73  6:38  Blink  
  81  6:41  Assimilator  
  81  6:43  Photon Cannon, Assimilator  
  81  6:50  Robotics Facility  
  81  6:51  Disruptor (Chrono Boost)  
  84  6:58  Probe  
  85  7:02  Stalker x3, Assimilator  
  85  7:06  Pylon  
  91  7:08  Assimilator  
  91  7:09  Pylon  
  91  7:18  Disruptor (Chrono Boost)  
  91  7:21  Stalker x2  
  101  7:24  Probe  
  101  7:25  Probe x2  
  101  7:26  Disruptor (Chrono Boost), Probe  
  105  7:30  Stalker  
  105  7:34  Probe  
  108  7:37  Probe  
  108  7:38  Stargate  
  108  7:39  Observer (Chrono Boost)  
  108  7:41  Probe x2  
  112  7:45  Probe  
  112  7:46  Stalker x2  
  112  7:49  Probe  
  118  7:53  Probe x2  
  123  8:00  Disruptor (Chrono Boost)  
  123  8:02  Stalker x3  
  124  8:14  Probe  
  124  8:17  Disruptor (Chrono Boost)  
  124  8:24  Disruptor (Chrono Boost)  
  124  8:25  Pylon x3, Probe  
  116  8:31  Zealot x5  
  121  8:35  Probe  
  121  8:38  Disruptor (Chrono Boost)  
  115  8:46  Gateway, Probe  
  116  8:49  Disruptor (Chrono Boost)  
  116  8:52  Gateway  
  117  8:56  Probe  
  117  8:57  Probe x2  
  120  9:07  Probe  
  120  9:09  Adept x3  
Show
View Real Time Build Order
Export as new Build Order

TheZergLord Zerg - Winner!

Build Orders: Pool First, Lurkers 

Get SALT Encoding   

  12  0:01  Drone  
  13  0:12  Overlord  
  13  0:17  Drone  
  14  0:31  Drone x2  
  14  0:34  Drone  
  17  0:44  Spawning Pool  
  17  0:48  Drone  
  17  1:10  Hatchery  
  16  1:12  Drone  
  17  1:31  Queen  
  17  1:32  Zergling x4  
  21  1:51  Overlord  
  21  2:09  Queen, Hatchery  
  22  2:17  Drone  
  22  2:18  Drone x2  
  22  2:22  Queen  
  25  2:26  Drone  
  28  2:34  Drone x2  
  30  2:39  Drone x2  
  30  2:44  Overlord  
  32  2:47  Drone  
  32  2:50  Drone  
  34  2:54  Drone x2  
  36  3:06  Drone x2  
  36  3:11  Drone  
  39  3:13  Drone x3  
  39  3:18  Drone x2  
  44  3:20  Extractor, Overlord  
  44  3:21  Extractor  
  44  3:23  Drone  
  44  3:24  Drone  
  44  3:27  Drone x2  
  44  3:33  Queen, Drone  
  49  3:40  Drone x4  
  53  3:50  Overlord  
  53  3:52  Drone x5  
  58  3:59  Overlord  
  58  4:12  Lair  
  58  4:15  Evolution Chamber  
  57  4:18  Drone  
  57  4:19  Drone x6  
  57  4:20  Drone x2  
  57  4:23  Overlord  
  66  4:26  Overlord  
  66  4:32  Overlord  
  66  4:35  Extractor  
  66  4:36  Extractor  
  66  4:38  Extractor  
  63  4:39  Extractor  
  63  4:44  Drone x7  
  63  4:45  Zerg Missile Weapons Level 1  
  69  4:46  Drone  
  69  4:47  Drone x2  
  69  4:52  Metabolic Boost  
  72  4:54  Drone x6  
  72  4:55  Drone  
  79  5:06  Overlord  
  79  5:08  Spore Crawler  
  79  5:10  Spore Crawler  
  77  5:16  Hydralisk Den  
  77  5:17  Drone  
  77  5:21  Zergling x10  
  79  5:22  Zergling x2  
  79  5:24  Spore Crawler, Overlord x2  
  82  5:29  Hatchery  
  82  5:31  Overseer  
  81  5:45  Lurker Den  
  81  5:46  Hydralisk x3  
  81  5:47  Hydralisk x5  
  81  5:48  Hydralisk  
  99  5:56  Overlord x2  
  99  5:57  Overlord  
  99  6:09  Hydralisk x3  
  105  6:26  Hydralisk x8  
  105  6:27  Zergling x2  
  105  6:31  Overlord  
  105  6:32  Overlord  
  122  6:38  Overlord x2  
  122  6:39  Overlord x2  
  122  6:43  Extractor  
  122  6:45  Overlord  
  122  6:46  Zerg Missile Weapons Level 2  
  121  6:47  Extractor  
  121  6:51  Drone x2  
  122  6:58  Drone x5  
  122  6:59  Drone x2  
  129  7:01  Zergling x2  
  129  7:02  Zergling x6  
  129  7:06  Spore Crawler  
  134  7:14  Lurker x6  
  138  7:16  Lurker  
  139  7:24  Muscular Augments  
  139  7:25  Zergling x2  
  139  7:26  Zergling x22  
  151  7:30  Lurker  
  152  7:38  Hydralisk x3, Zergling x6  
  152  7:40  Zergling x4  
  158  8:19  Lurker x2  
  159  8:20  Lurker x2  
  159  8:22  Hydralisk  
  159  8:23  Hydralisk x10  
  159  8:24  Zergling x2  
  159  8:25  Zergling x2  
  181  8:37  Spire  
  181  8:38  Drone x3  
  181  8:39  Drone  
  181  8:56  Hatchery  
Tags
 
Add a new tag
Caveats
  • Supply blocks, unpowered buildings, or Contaminate may cause inaccurate times.
  • Supply counts are checked every 10 seconds.